Map: Dusk Towers

Players

LilDicky

  • Race: Terran Terran
  • League: Diamond

Tino - Winner!

  • Race: Protoss Protoss
  • League: Diamond

VOD

http://www.twitch.tv/tumescentpie

Description

Time

  • Played on: Dec. 26, 2015, 10:47 p.m.
  • Length: 8:09
Show
View Real Time Build Order
Export as new Build Order

LilDicky Terran 

Build Orders: MMM Bio 

Get SALT Encoding   

  12  0:02  SCV  
  13  0:14  SCV  
  13  0:19  Supply Depot  
  14  0:26  SCV  
  15  0:34  Refinery  
  15  0:40  SCV  
  16  0:52  Barracks  
  16  0:53  SCV  
  17  1:06  SCV  
  18  1:18  SCV  
  19  1:30  SCV  
  20  1:40  Factory  
  20  1:41  Supply Depot  
  20  1:44  Marine  
  22  1:48  Orbital Command  
  21  2:04  Marine  
  21  2:07  Barracks  
  22  2:10  Barracks  
  22  2:15  SCV  
  23  2:16  Refinery  
  23  2:22  Barracks Reactor  
  23  2:27  SCV  
  24  2:34  Supply Depot  
  24  2:39  SCV  
  25  2:51  SCV  
  25  2:55  Widow Mine  
  28  2:59  Barracks Tech Lab x2  
  28  3:01  Marine  
  28  3:03  SCV, Marine  
  31  3:06  Supply Depot  
  31  3:11  Starport  
  30  3:15  SCV  
  31  3:20  Marine x2  
  31  3:24  Stimpack  
  33  3:33  Combat Shields  
  31  3:34  Marine x2  
  33  3:42  SCV  
  33  3:45  Marine  
  33  3:46  Marine  
  36  3:56  Marine  
  36  3:58  Medivac  
  36  4:00  Marauder  
  41  4:05  Supply Depot, SCV  
  42  4:15  Marauder  
  42  4:16  Marine x2  
  46  4:31  Medivac  
  46  4:33  Marine  
  46  4:34  Marine  
  46  4:37  Marine, Marauder  
  52  4:52  Marine, Concussive Shells, Marauder  
  54  4:57  Marine  
  54  4:58  Marine  
  52  5:10  Marine  
  52  5:13  Marine  
  52  5:14  Marine  
  52  5:16  Marine  
  52  5:28  Marine  
  52  5:29  SCV  
  44  5:48  Marine x3  
  44  5:49  Marine  
  48  5:50  SCV  
  48  5:55  Medivac  
  51  6:06  Marine  
  51  6:07  Marauder  
  54  6:25  Medivac  
  54  6:33  Marine  
  54  6:38  Marine  
  54  6:48  Marauder  
  54  6:51  Marauder  
  54  7:00  Medivac  
  52  7:14  Marine x2  
  45  7:20  SCV  
  45  7:21  Marine  
  32  7:36  Marine x2  
  30  7:37  Marine  
  30  7:40  Marine  
  30  7:42  SCV  
  34  7:54  SCV  
Show
View Real Time Build Order
Export as new Build Order

Tino Protoss - Winner!

Build Orders: Nexus First 

Get SALT Encoding   

  12  0:01  Probe (Chrono Boost)  
  13  0:12  Probe (Chrono Boost)  
  14  0:18  Pylon  
  14  0:22  Probe (Chrono Boost)  
  15  0:36  Probe (Chrono Boost)  
  16  0:55  Nexus  
  16  0:59  Probe (Chrono Boost)  
  17  1:11  Gateway  
  17  1:12  Probe (Chrono Boost)  
  18  1:19  Assimilator  
  18  1:23  Probe (Chrono Boost)  
  19  1:26  Assimilator  
  19  1:33  Probe (Chrono Boost)  
  19  1:35  Pylon  
  20  1:46  Gateway  
  20  1:49  Probe (Chrono Boost)  
  21  2:00  Cybernetics Core  
  21  2:03  Probe (Chrono Boost)  
  21  2:08  Probe (Chrono Boost)  
  23  2:13  Probe (Chrono Boost)  
  24  2:21  Probe (Chrono Boost)  
  25  2:24  Probe (Chrono Boost)  
  26  2:31  Probe (Chrono Boost)  
  26  2:34  Probe (Chrono Boost)  
  26  2:36  Adept x2 (Chrono Boost)  
  32  2:39  Warp Gate  
  32  2:46  Mothership Core, Probe  
  35  2:52  Pylon  
  35  3:01  Adept x2 (Chrono Boost)  
  35  3:04  Probe  
  40  3:13  Probe  
  40  3:16  Probe  
  42  3:20  Pylon  
  42  3:32  Stalker x2 (Chrono Boost)  
  46  3:35  Robotics Facility  
  46  3:44  Gateway  
  46  3:45  Probe x2  
  48  3:57  Probe x2 (Chrono Boost)  
  50  4:03  Assimilator  
  50  4:05  Pylon  
  50  4:07  Twilight Council  
  50  4:08  Probe x2 (Chrono Boost)  
  52  4:19  Probe x2 (Chrono Boost)  
  54  4:28  Warp Prism  
  54  4:29  Probe x2 (Chrono Boost)  
  58  4:38  Assimilator  
  58  4:51  Adept x3  
  64  4:53  Gateway  
  64  4:55  Pylon  
  60  5:13  Probe x2 (Chrono Boost)  
  58  5:14  Adept x2  
  58  5:15  Adept  
  64  5:26  Probe (Chrono Boost)  
  64  5:27  Probe (Chrono Boost)  
  66  5:32  Gateway  
  66  5:33  Gateway  
  66  5:34  Gateway  
  64  5:47  Blink (Chrono Boost)  
  64  5:48  Pylon  
  64  5:55  Immortal  
  68  5:58  Pylon  
  68  6:01  Sentry  
  70  6:06  Probe, Pylon  
  70  6:08  Probe  
  70  6:10  Pylon  
  66  6:13  Pylon  
  64  6:19  Adept  
  64  6:23  Pylon  
  64  6:39  Adept  
  62  6:40  Adept  
  62  6:42  Adept x3  
  60  7:02  Adept x3  
  60  7:03  Adept x2  
  60  7:08  Pylon  
  66  7:25  Adept x3  
  66  7:26  Adept x2  
  66  7:27  Probe  
  66  7:29  Probe  
  70  7:42  Pylon  
  70  7:44  Pylon  
  70  7:47  Adept x5  
  80  7:55  Pylon  
  80  7:59  Gateway  
Tags
 
Add a new tag
Caveats
  • Supply blocks, unpowered buildings, or Contaminate may cause inaccurate times.
  • Supply counts are checked every 10 seconds.